 Dungeon Crawl Stone Soup version 0.20.1-1-g8b1a95d (webtiles) character file.

190 galech the Ruffian (level 5, -7/53 HPs)
             Began as a Troll Monk on July 31, 2017.
             Mangled by an orc priest
             ... wielding a +0 flail
              (9 damage)
             ... on level 3 of the Dungeon.
             The game lasted 00:03:41 (1753 turns).

galech the Ruffian (Troll Monk)                     Turns: 1753, Time: 00:03:42

Health: -7/53      AC:  7    Str: 20    XL:     5   Next: 41%
Magic:  4/4        EV:  8    Int:  6    God:
Gold:   147        SH:  7    Dex: 12    Spells: 4/4 levels left

rFire    . . .     SeeInvis .     - Unarmed
rCold    + . .     Gourm    +   e - +0 shield
rNeg     . . .     Faith    .   a - +0 robe
rPois    .         Spirit   .   (helmet restricted)
rElec    .         Reflect  .   u - +1 cloak
rCorr    .         Harm     .   (gloves unavailable)
MR       .....     Rnd*Tele +   (boots unavailable)
Stlth    ++........             s - amulet of inaccuracy (curse)
Regen    0.6/turn               j - ring of teleportation (curse)
MPRegen  0.1/turn               h - ring of protection from cold

@: no status effects
A: unfitting armour, claws 3, fast metabolism 3, gourmand, regeneration 1,
shaggy fur 1, tough skin 2
a: no special abilities


You were on level 3 of the Dungeon.
You were very full.

You visited 1 branch of the dungeon, and saw 3 of its levels.

You collected 147 gold pieces.

Inventory:

Armour
 a - a +0 robe (worn)
 e - a +0 shield (worn)
 u - a +1 cloak (worn)
Jewellery
 h - a ring of protection from cold (right claw)
 j - a cursed ring of teleportation (left claw)
 s - a cursed amulet of inaccuracy (around neck)
Scrolls
 f - 2 scrolls of identify
 g - a scroll of enchant armour
 t - 2 scrolls of teleportation
Potions
 c - 2 potions of haste {unknown}
 k - 3 potions of heal wounds {unknown}
 l - a potion of degeneration {unknown}
 n - a potion of curing {unknown}
 p - a potion of might {unknown}
Comestibles
 b - 4 bread rations
 r - a meat ration


   Skills:
 + Level 3.0 Fighting
 + Level 3.0 Dodging
 + Level 1.6 Stealth
 + Level 1.2 Shields
 + Level 4.4 Unarmed Combat


You had 4 spell levels left.
You didn't know any spells.

Dungeon Overview and Level Annotations

Branches:
Dungeon (3/15)

Altars:

Annotations:
D:3 Ijyb


Innate Abilities, Weirdness & Mutations

You are too large for most types of armour.
You have claws for hands.
Your metabolism is lightning-fast.
You like to eat raw meat.
Your natural rate of healing is unusually fast.
You are covered in fur. (AC +1)
You have very tough skin. (AC +2)


Message History

The orc priest is severely wounded.
You closely miss the orc priest.
The orc priest is severely wounded.
The orc priest calls down the wrath of Beogh upon you.
Pain shoots through your body!
* * * LOW HITPOINT WARNING * * *
Your shield prevents you from hitting the orc priest.
The orc priest is severely wounded.
The orc priest calls down the wrath of Beogh upon you.
Pain shoots through your body!
* * * LOW HITPOINT WARNING * * *
You closely miss the orc priest.
The orc priest is severely wounded.
The orc priest calls down the wrath of Beogh upon you.
Pain shoots through your body!
* * * LOW HITPOINT WARNING * * *
You closely miss the orc priest.
The orc priest is severely wounded.
The orc priest hits you with a flail!
You die...

......#.# #..#######.#####.#....
........# #..#..................
#####..)####..#.###.....###.#<###
..........##............###.#####
#####............................
.........o.............###.#####
###....#.#......................
....#..#.#.####†.....#.#.#.####.
..............o@.....#.#.#.##...
######..#.#...####....#.#.#......
####.#...# #....#.#.####.#.
..#...# #....#.#.#..#... ##.#...#
#....#.#.#..# #. #.#...#
.....#.#.#..# #. #.#.[.# ..#.#
#..###. #.#...# #.# #......
...#.##.###.


You could see an orc priest.

Vanquished Creatures
  An orc wizard (D:3)
  Crazy Yiuf (D:2)
  3 gnolls (D:2)
  3 adders (D:2)
  2 oozes
  A worm (D:2)
  3 dart slugs
  4 leopard geckos
  An orc (D:3)
  2 giant cockroaches (D:2)
  5 hobgoblins (D:1)
  A jackal (D:2)
  6 kobolds
  2 quokkas (D:2)
  8 bats
  2 frilled lizards
  9 goblins
  8 rats
62 creatures vanquished.

Notes
Turn   | Place    | Note
-------+----------+-------------------------------------------
     0 | D:1      | galech the Troll Monk began the quest for the Orb.
     0 | D:1      | Reached XP level 1. HP: 22/22 MP: 0/0
     0 | D:1      | Noticed a minotaur
     2 | D:1      | Noticed a centaur
    10 | D:1      | Noticed an ogre
    15 | D:1      | Noticed a ghoul
    15 | D:1      | Noticed a dwarf
    17 | D:1      | Noticed an elf
    17 | D:1      | Noticed a ghoul
   134 | D:1      | Reached XP level 2. HP: 29/29 MP: 1/1
   472 | D:1      | Reached XP level 3. HP: 34/36 MP: 2/2
   846 | D:2      | Reached XP level 4. HP: 44/44 MP: 3/3
   902 | D:2      | Reached skill level 4 in Unarmed Combat
  1158 | D:2      | Found a runed door.
  1162 | D:2      | Noticed Crazy Yiuf
  1169 | D:2      | Killed Crazy Yiuf
  1169 | D:2      | Reached XP level 5. HP: 52/52 MP: 4/4
  1235 | D:2      | Reached skill level 1 in Shields
  1576 | D:3      | Noticed Ijyb
  1657 | D:3      | HP: 1/53 [orc priest/divine providence (13)]
  1752 | D:3      | HP: 1/53 [orc priest/nerve-wracking pain (8)]
  1753 | D:3      | Mangled by an orc priest

Skill      XL: |  1  2  3  4  5 |
---------------+----------------+-----
Unarmed Combat | 4 |  4.4
Dodging        | 3 |  3.0
Shields        | 1 |  1.2
Fighting       | 3 |  3.0
Stealth        | |  1.6

Action                   |  1- 3 |  4- 6 || total
-------------------------+-------+-------++-------
Melee: Unarmed           |    81 |   118 ||   199
  Use: Scroll            |       |     8 ||     8
 Stab: Sleeping          |       |     6 ||     6
  Eat: Chunk             |    13 |     7 ||    20
Armor: Robe              |    37 |    44 ||    81
Dodge: Dodged            |    26 |    49 ||    75
Block: Shield            |    28 |    37 ||    65
